 Dungeon Crawl Stone Soup version 0.27-a0-836-gfc908b8576 (webtiles) character file.

Game seed: 2131826026946928683

51 dickylongcocking the Magician (level 3, -2/26 HPs)
             Began as a Djinni Fire Elementalist on Mar 31, 2021.
             Slain by Sigmund
             ... wielding a +0 scythe
              (10 damage)
             ... on level 2 of the Dungeon.
             The game lasted 00:01:19 (1627 turns).

dickylongcocking the Magician (DjFE)                Turns: 1627, Time: 00:01:20

Health: -2/26      AC:  3    Str:  7    XL:     3   Next: 81%
Gold:   49         EV: 11    Int: 17    God:
                   SH:  0    Dex: 13

rFire    + + .     SeeInvis .   g - +4 dagger
rCold    x . .     Faith    .   (no shield)
rNeg     . . .     Spirit   .   f - +0 leather armour
rPois    ∞         Reflect  .   (no helmet)
rElec    .         Harm     .   h - scarf {+Inv}
rCorr    .         Rampage  .   (no gloves)
Will     .....                  (boots unavailable)
Stlth    ++........             (no amulet)
HPRegen  0.08/turn              (no ring)
MPRegen  0.00/turn              (no ring)

@: flying
A: fire resistance 2, cold vulnerability 1, float, innate caster, hp casting,
extra vitality 1
a: Evoke Invisibility


You were on level 2 of the Dungeon.
You visited 1 branch of the dungeon, and saw 2 of its levels.

You collected 49 gold pieces.

Inventory:

Hand Weapons
 e - a +0 short sword
 g - a +4 dagger (weapon)
Armour
 a - a +0 robe
 f - a +0 leather armour (worn)
 h - a scarf of invisibility (worn)
Scrolls
 b - a scroll of holy word {unknown}
 i - a scroll of identify {unknown}
 j - a scroll of summoning {unknown}


   Skills:
 + Level 0.9 Fighting
 + Level 1.0 Short Blades
 + Level 0.7 Armour
 + Level 2.5 Dodging
 + Level 1.7 Stealth
 + Level 3.3 Spellcasting


You couldn't memorise any spells.
You knew the following spells:

 Your Spells              Type           Power      Damage    Failure   Level
a - Foxfire               Conj/Fire      56%        2x1d6     6%          1
b - Conjure Flame         Conj/Fire      14%        6-21      19%         3
c - Inner Flame           Hex/Fire       14%        N/A       19%         3
d - Sticky Flame          Conj/Fire      14%        2d4       54%         4
e - Fireball              Conj/Fire      7%         3d5       87%         5
f - Freeze                Ice            56%        1d7       6%          1
Your spell library was empty.

Dungeon Overview and Level Annotations

Branches:
Dungeon (2/15)

Altars:

Annotations:
D:2 Sigmund


Innate Abilities, Weirdness & Mutations

You are immune to poison.
Your flesh is very heat resistant. (rF++)
You are vulnerable to cold. (rC-)
You float through the air rather than walking.
You learn spells naturally, not from books.
Your magical power is your life essence.
You have superior vitality. (+4 HP)


Message History

Sigmund hits you from afar with a +0 scythe.
Unknown command.
Casting: Foxfire (safe; 6% risk of failure)
Confirm with . or Enter, or press ? or * to list all spells.
You conjure some foxfire!
The foxfire hits Sigmund.
Sigmund is heavily wounded.
Sigmund closely misses you.
Unknown command.
Unknown command.
Casting: Foxfire (safe; 6% risk of failure)
Confirm with . or Enter, or press ? or * to list all spells.
You conjure some foxfire!
The foxfire hits Sigmund.
Sigmund is severely wounded.
The foxfire hits Sigmund.
Sigmund is severely wounded.
Sigmund closely misses you.
Unknown command.
Unknown command.
Casting: Foxfire (safe; 6% risk of failure)
Confirm with . or Enter, or press ? or * to list all spells.
You conjure some foxfire!
The foxfire hits Sigmund.
Sigmund is almost dead.
Sigmund points at himself and mumbles some strange words.
Sigmund flickers and vanishes!
Deactivating autopickup; reactivate with Ctrl-A.
Unknown command.
Casting: Foxfire (safe; 6% risk of failure)
Confirm with . or Enter, or press ? or * to list all spells.
You conjure some foxfire!
The foxfire hits something.
The foxfire hits something but does no damage.
Something hits you.
* * * LOW HITPOINT WARNING * * *
Unknown command.
Unknown command.
Your foxfire dissipates!
The foxfire hits something but does no damage.
You aren't carrying any items that you can evoke.
Unknown command.
You feel better. Something hits you!
You die...

#.........#
###.#######.# ....#
#.# .#### #.# ##### .#
#.# #...# .# #.# #...#
.# #.# #...## .##
#.#######...^###...
..#
#.....@...†........
..#
#########.##.≈≈≈...
..# #.# .≈)≈... ..#
#.# .≈≈≈... ..#####
... ....... ......#
#.# #####..
.#....##### ..# .
..........############
............##.......


There were no monsters in sight!

Vanquished Creatures
  An iguana (D:2)
  A dart slug (D:1)
  6 ball pythons
  An endoplasm (D:1)
  A giant cockroach (D:1)
  A goblin (D:1)
  A hobgoblin (D:1)
  A quokka (D:1)
  2 bats (D:1)
  2 frilled lizards
  3 kobolds
  3 rats (D:2)
23 creatures vanquished.

Vanquished Creatures (others)
  43 foxfires
43 creatures vanquished.

Grand Total: 66 creatures vanquished

Notes
Turn   | Place    | Note
-------+----------+-------------------------------------------
     0 | D:1      | dickylongcocking the Djinni Fire Elementalist began the
                  | quest for the Orb.
     0 | D:1      | Reached XP level 1. HP: 15/15 MP: 0/0
   268 | D:1      | Reached XP level 2. HP: 14/22 MP: 0/0
   422 | D:1      | Reached skill level 3 in Spellcasting
   492 | D:1      | HP: 1/22 [kobold/stone (3)]
  1333 | D:2      | Reached XP level 3. HP: 22/26 MP: 0/0
  1333 | D:2      | Learned a level 1 spell: Freeze
  1482 | D:2      | Reached skill level 1 in Short Blades
  1608 | D:2      | Noticed Sigmund
  1627 | D:2      | Slain by Sigmund

Illustrated notes

Levels and vault maps discovered:
D:1:      matt_arrival_refuge, layout_basic, minivault_4
D:2:      layout_basic, corexii_item_surrounded_by_moat, minmay_pentomino_z2,
          uniq_sigmund

Skill      XL: |  1  2  3 |
---------------+----------+-----
Spellcasting   | 3 |  3.3
Short Blades   | 1 |  1.0
Fighting       | |  0.9
Armour         | |  0.7
Dodging        | |  2.5
Stealth        | |  1.7

Action                   || total
-------------------------++-------
Melee: Short sword       ||    18
       Dagger            ||    27
 Cast: Foxfire           ||    29
  Use: Potion            ||     4
 Stab: Sleeping          ||     2
       Distracted        ||     1
Armor: Robe              ||     2
       Leather armour    ||    11
Dodge: Dodged            ||    36

Table legend: (Time is in decaauts)
 A = Elapsed time spent in this place.
 B = Non-inter-level travel time spent in this place.
 C = Inter-level travel time spent in this place.
 D = Time resting spent in this place.
 E = Time spent auto-exploring this place.
 F = Levels seen in this place.
 G = Mean time per level.
                   A        B        C        D        E       F      G
               +--------+--------+--------+--------+--------+-----+--------+
         Total |   1626 |   1581 |     45 |      0 |   1346 |   2 |  813.0 |
       Dungeon |   1626 |   1581 |     45 |      0 |   1346 |   2 |  813.0 |
               +--------+--------+--------+--------+--------+-----+--------+

Top non-repeatable levels by time:
     D:1: 1324 daAuts
     D:2: 302 daAuts
